 Dungeon Crawl Stone Soup version 0.31-a0-152-g6aa68a64a1 (webtiles) character file.

Game seed: 5045140908854128889

11 ryw the Trooper (level 2, 24/24 HPs)
             Began as a Demonspawn Monk on June 11, 2023.
             Was an Initiate of Gozag.
             Quit the game on level 1 of the Dungeon.
             The game lasted 00:00:48 (259 turns).

ryw the Trooper (Demonspawn Monk)                    Turns: 259, Time: 00:00:48

Health: 24/24      AC:  2    Str: 11    XL:     2   Next: 17%
Magic:  2/2        EV: 13    Int: 11    God:    Gozag
Gold:   58         SH:  0    Dex: 15    Spells: 1/1 levels left

rFire   . . .        e - +2 dagger (venom)
rCold   . . .        c - orb {light}
rNeg    . . .        a - +0 robe
rPois   .            (no helmet)
rElec   .            (no cloak)
rCorr   .            (no gloves)
SInv    .            (no boots)
Will    .....        (no amulet)
Stlth   +            (no ring)
HPRegen 0.24/turn    (no ring)
MPRegen 0.08/turn

%: no passive effects
@: glowing
A: foul stench 1
a: Renounce Religion, Potion Petition, Call Merchant, Bribe Branch


You were on level 1 of the Dungeon.
You worshipped Gozag.
Gozag was noncommittal.
You visited 1 branch of the dungeon, and saw 1 of its levels.

You collected 58 gold pieces.

Inventory:

Hand Weapons
 e - a +2 dagger of venom (weapon)
Missiles
 d - 3 silver boomerangs
 f - a throwing net
Armour
 a - a +0 robe (worn)
 c - an orb of light (worn)
Scrolls
 g - a scroll of fear {unknown}
Potions
 b - a potion of ambrosia


   Skills:
 + Level 3.2 Fighting
 + Level 2.9 Dodging
 + Level 2.9 Unarmed Combat


You had one spell level left.
You didn't know any spells.
Your spell library contained the following spells:

 Spells                   Type           Power      Damage    Failure   Level
 Gell's Gravitas          Tloc           0%         N/A       71%         3
 Teleport Other           Tloc           0%         N/A       71%         3
 Dispersal                Tloc           0%         N/A       100%        6


Dungeon Overview and Level Annotations

Branches:
Dungeon (1/15)

Altars:
Gozag


Innate Abilities, Weirdness & Mutations

You may rarely emit foul miasma when damaged in melee.


Message History

f - a throwing net An endoplasm comes into view.
You hit the endoplasm.
The endoplasm is heavily wounded.
The endoplasm barely misses you.
You hit the endoplasm.
You kill the endoplasm!
No target in view!
Found 7 stones.
Found a stone staircase leading down.
Found a scroll labelled XIYRI DAUGG.
You enter the shallow water.
Moving in this stuff is going to be slow.
There is a faded altar of an unknown god here.
This altar belongs to (a) Okawaru, (b) Makhleb or (c) Gozag, but you can't tell which.
Press the corresponding letter to learn more about a god, or press enter to convert or escape to cancel.
Gozag accepts your prayer! Gozag welcomes you!
Gozag waives the service fee.
Unknown command.
Press < or > to pray at altars.
You enter the shallow water.
Moving in this stuff is going to be slow.
A ball python comes into view.
Found 11 gold pieces.
The ball python hisses angrily.
You hit the ball python.
You kill the ball python!
No target in view!
No target in view!
No target in view!
No target in view!
No target in view!
You now have 47 gold pieces (gained 6).
You now have 58 gold pieces (gained 11).
g - a scroll labelled XIYRI DAUGG A hobgoblin comes into view.
Found a leather armour.
The hobgoblin shouts!
A hobgoblin is nearby!
Are you sure you want to abandon this character and quit the game? (Confirm with "yes".)

#.###.# #...#.###
#.#.#... #.#.#.#####
#.#.......#
#.###.###.######## #.#
#.#..........# #.#
#.#.#.######.#
#.###.#.#.######@#
............>.........#
#.###.#.####+#+#+####g.[
....#.#........
#+#.#.#..(.....
......#........
......#........
......#........
......#........


You could see a hobgoblin.

Vanquished Creatures
  2 ball pythons (D:1)
  An endoplasm (D:1)
  A giant cockroach (D:1)
  A goblin (D:1)
  A hobgoblin (D:1)
  A kobold (D:1)
  3 rats (D:1)
10 creatures vanquished.

Notes
Turn   | Place    | Note
-------+----------+-------------------------------------------
     0 | D:1      | ryw the Demonspawn Monk began the quest for the Orb.
     0 | D:1      | Reached XP level 1. HP: 18/18 MP: 1/1
   118 | D:1      | Found a faded altar of an unknown god.
   149 | D:1      | Gained mutation: You may rarely emit foul miasma when
                  | damaged in melee. [demonic ancestry]
   149 | D:1      | Reached XP level 2. HP: 21/24 MP: 2/2
   217 | D:1      | Prayed at the altar of an unknown god.
   217 | D:1      | Became a worshipper of Gozag Ym Sagoz the Greedy
   259 | D:1      | Quit the game

Illustrated notes

Levels and vault maps discovered:
D:1:      ldierk_walled_garden, layout_basic,
          hellmonk_ecumenical_altar_pennies_from_heaven

Action                     || total
---------------------------++-------
  Melee: Unarmed           ||    21
         Dagger            ||     6
 Armour: Robe              ||     3
  Dodge: Dodged            ||    20

Table legend: (Time is in decaauts)
 A = Elapsed time spent in this place.
 B = Non-inter-level travel time spent in this place.
 C = Inter-level travel time spent in this place.
 D = Time resting spent in this place.
 E = Time spent auto-exploring this place.
 F = Levels seen in this place.
 G = Mean time per level.
                   A        B        C        D        E       F      G
               +--------+--------+--------+--------+--------+-----+--------+
         Total |    261 |    238 |     23 |      0 |    164 |   1 |  261.0 |
       Dungeon |    261 |    238 |     23 |      0 |    164 |   1 |  261.0 |
               +--------+--------+--------+--------+--------+-----+--------+

Top non-repeatable levels by time:
     D:1: 261 daAuts
